 Dungeon Crawl Stone Soup version 0.21.1-1-g345015f (webtiles) character file.

10914 tidbits the Thaumaturge (level 11, -3/86 HPs)
             Began as a Gnoll Skald on June 21, 2018.
             Was an Elder of Cheibriados.
             Slain by a swamp drake (4 damage)
             ... on level 1 of the Swamp.
             The game lasted 00:29:52 (2409 turns).

tidbits the Thaumaturge (Gnoll Skald)               Turns: 2409, Time: 00:29:54

Health: -3/86      AC: 11    Str: 25    XL:     11   Next: 69%
Magic:  11/23      EV: 20    Int: 28    God:    Cheibriados [****..]
Gold:   311        SH:  0    Dex: 28    Spells: 13/26 levels left

rFire    . . .     SeeInvis .   a - +0 war axe (elec)
rCold    . . .     Gourm    +   (no shield)
rNeg     . . .     Faith    .   B - +0 troll leather armour
rPois    .         Spirit   .   E - +2 hat
rElec    .         Reflect  .   C - +0 cloak
rCorr    .         Harm     .   (no gloves)
MR       .....                  F - +2 pair of boots
Stlth    ++++......             u - amulet of the gourmand
HPRegen  0.64/turn              e - +4 ring of dexterity
MPRegen  0.18/turn              (no ring)

@: very slow
A: distributed training, fangs 1, strong nose
a: Bend Time, Temporal Distortion, Slouch, Renounce Religion


You were on level 1 of the Swamp.
You worshipped Cheibriados.
Cheibriados was greatly pleased with you.
You were not hungry.

You visited 4 branches of the dungeon, and saw 16 of its levels.
You also visited: Sewer.

You collected 311 gold pieces.

Inventory:

Hand Weapons
 a - a +0 war axe of electrocution (weapon)
   (You found it on level 2 of the Lair of Beasts)
 b - a +1 halberd of protection
   (You took it off a gnoll on level 3 of the Dungeon)
 w - a +2 dire flail of protection
   (You took it off a two-headed ogre on level 8 of the Dungeon)
 x - a +0 blowgun
 D - a +0 blowgun
 I - a +0 shortbow
 N - a +0 hand axe
Missiles
 J - 23 arrows
Armour
 f - a +0 ring mail
 g - a +0 leather armour
 m - a +1 robe of positive energy
   (You found it on level 7 of the Dungeon)
 n - a +0 shield
 s - a +0 ring mail
 B - a +0 troll leather armour (worn)
 C - a +0 cloak (worn)
 E - a +2 hat (worn)
 F - a +2 pair of boots (worn)
 K - a +2 robe of the Archmagi
   (You took it off an orc wizard on level 8 of the Dungeon)
Magical Staves
 v - an uncursed staff of cold {unknown}
   (You found it on level 7 of the Dungeon)
Jewellery
 e - a +4 ring of dexterity (left hand)
   (You found it on level 1 of the Dungeon)
 u - an amulet of the gourmand (around neck)
   (You found it on level 5 of the Dungeon)
Wands
 i - a wand of iceblast (7)
 p - a wand of paralysis (20)
 A - a wand of polymorph (16)
Scrolls
 h - a scroll of noise
 k - a scroll of fear {unknown}
 l - a scroll of amnesia
 o - 3 scrolls of random uselessness
 r - 3 scrolls of remove curse
 H - a scroll of brand weapon
Potions
 q - a potion of ambrosia
 t - a potion of magic
 z - 6 potions of flight
 G - 2 potions of heal wounds
 L - 3 potions of curing {unknown}
 M - a potion of berserk rage
 O - a potion of mutation {unknown}
Books
 d - a book of Battle

   Spells                             Type                      Level
   a - Infusion                       Charms                       1
   b - Shroud of Golubria             Charms/Translocation         2
   c - Song of Slaying                Charms                       2
   d - Spectral Weapon                Hexes/Charms                 3
   e - Regeneration                   Charms/Necromancy            3
 j - a book of Cantrips
   (You found it on level 4 of the Dungeon)

   Spells                             Type                      Level
   a - Confusing Touch                Hexes                        1
   b - Animate Skeleton               Necromancy                   1
   c - Summon Small Mammal            Summoning                    1
   d - Apportation                    Translocation                1
Comestibles
 c - 10 rations


   Skills:
 + Level 8.0 Fighting
 + Level 6.4 Short Blades
 + Level 6.4 Long Blades
 + Level 8.0 Axes
 + Level 6.4 Maces & Flails
 + Level 6.4 Polearms
 + Level 6.4 Staves
 + Level 6.4 Slings
 + Level 6.4 Bows
 + Level 6.4 Crossbows
 + Level 6.4 Throwing
 + Level 7.0 Armour
 + Level 8.0 Dodging
 + Level 6.4 Stealth
 + Level 6.4 Shields
 + Level 6.4 Unarmed Combat
 + Level 8.2 Spellcasting
 + Level 5.3 Conjurations
 + Level 5.3 Hexes
 + Level 7.7 Charms
 + Level 5.3 Summonings
 + Level 5.3 Necromancy
 + Level 5.3 Translocations
 + Level 5.3 Transmutations
 + Level 5.3 Fire Magic
 + Level 5.3 Ice Magic
 + Level 5.3 Air Magic
 + Level 5.3 Earth Magic
 + Level 5.3 Poison Magic
 + Level 7.0 Invocations
 + Level 6.4 Evocations


You had 13 spell levels left.
You knew the following spells:

 Your Spells              Type           Power        Failure   Level  Hunger
g - Shroud of Golubria    Chrm/Tloc      #####.....   1%          2    None
i - Infusion              Chrm           ####         1%          1    None
n - Animate Skeleton      Necr           N/A          1%          1    None
r - Regeneration          Chrm/Necr      #####.....   1%          3    None
w - Spectral Weapon       Hex/Chrm       #####...     1%          3    None
y - Song of Slaying       Chrm           ######..     1%          2    None
A - Apportation           Tloc           #####.       1%          1    None


Dungeon Overview and Level Annotations

Branches:
Dungeon (10/15)            Temple (1/1) D:5            Lair (4/6) D:10
  Swamp (1/4) Lair:2
  Snake: Lair:2-4    Spider: Lair:2-4       Orc: D:9-12

Altars:
Ashenzari
Cheibriados
Hepliaklqana
Kikubaaqudgha
Makhleb
Nemelex Xobeh
Qazlal
Ru
Uskayaw
Xom
Zin

Shops:
D:8 (


Innate Abilities, Weirdness & Mutations

Your experience applies equally to all skills.
You have very sharp teeth.
Your uncanny sense of smell can sniff out nearby items.


Message History

You slash the vampire mosquito!
The vampire mosquito is heavily damaged.
You miss the vampire mosquito.
Your spectral weapon closely misses the vampire mosquito.
Your spectral weapon hits the vampire mosquito!
You destroy the vampire mosquito!
Cheibriados thoroughly appreciates the change of pace.
Your Invocations skill increases to level 7!
The vampire mosquito bites your spectral weapon.
Your spectral weapon shares its damage with you!
The vampire mosquito completely misses you.
The vampire mosquito bites your spectral weapon.
Your spectral weapon shares its damage with you!
Your spectral weapon fades away.
* * * LOW HITPOINT WARNING * * *
The vampire mosquito barely misses you.
You closely miss the vampire mosquito.
The vampire mosquito is heavily damaged.
You slash the vampire mosquito! The vampire mosquito bites you!
* * * LOW HITPOINT WARNING * * *
The vampire mosquito draws strength from your injuries!
The vampire mosquito misses you.
The vampire mosquito closely misses you.
The vampire mosquito misses you.
Casting: Spectral Weapon
Confirm with . or Enter, or press ? or * to list all spells.
You draw out your weapon's spirit!
Your skin stops crawling.
The vampire mosquito closely misses you. x2
The vampire mosquito bites you but does no damage.
The vampire mosquito misses you. The vampire mosquito barely misses you.
The vampire mosquito misses you.
You slash the vampire mosquito!
You destroy the vampire mosquito!
Cheibriados thoroughly appreciates the change of pace.
You hit the vampire mosquito. You closely miss the vampire mosquito.
The vampire mosquito bites you but does no damage.
The vampire mosquito barely misses you.
The vampire mosquito closely misses you.
The vampire mosquito bites you!
* * * LOW HITPOINT WARNING * * *
The vampire mosquito draws strength from your injuries!
A vampire mosquito comes into view.
You slash the vampire mosquito! You bite the vampire mosquito.
The vampire mosquito is almost destroyed.
You hit the vampire mosquito. You closely miss the vampire mosquito.
Your spectral weapon hits the vampire mosquito!
Lightning courses through the vampire mosquito!
You destroy the vampire mosquito!
Cheibriados thoroughly appreciates the change of pace.
Your spectral weapon barely misses the vampire mosquito.
The vampire mosquito misses you. The vampire mosquito barely misses you.
The vampire mosquito completely misses you.
The vampire mosquito bites you.
* * * LOW HITPOINT WARNING * * *
The vampire mosquito draws strength from your injuries!
Unknown command.
You slash the vampire mosquito!
Lightning courses through the vampire mosquito!
You destroy the vampire mosquito!
Cheibriados thoroughly appreciates the change of pace.
Your Fighting skill increases to level 8!
Your Axes skill increases to level 8!
Your Armour skill increases to level 7!
Your Dodging skill increases to level 8!
You hit the vampire mosquito but do no damage.
The vampire mosquito misses you. The vampire mosquito bites you!
* * * LOW HITPOINT WARNING * * *
The vampire mosquito draws strength from your injuries!
You closely miss the vampire mosquito. Your punch misses the vampire mosquito.
Your spectral weapon misses the vampire mosquito.
The vampire mosquito bites you.
* * * LOW HITPOINT WARNING * * *
The vampire mosquito draws strength from your injuries!
The vampire mosquito misses you.
You hit the vampire mosquito but do no damage.
You bite the vampire mosquito.
The vampire mosquito is lightly damaged.
Your spectral weapon closely misses the vampire mosquito.
The vampire mosquito closely misses you.
The vampire mosquito bites you.
* * * LOW HITPOINT WARNING * * *
The vampire mosquito draws strength from your injuries!
You closely miss the vampire mosquito. Your bite misses the vampire mosquito.
The vampire mosquito is lightly damaged.
Your spectral weapon hits the vampire mosquito.
Lightning courses through the vampire mosquito!
The vampire mosquito closely misses you.
The vampire mosquito completely misses you.
You hit the vampire mosquito.
The vampire mosquito is almost destroyed.
Your spectral weapon hits the vampire mosquito!
You destroy the vampire mosquito!
Cheibriados thoroughly appreciates the change of pace.
The swamp drake bites you!
* * * LOW HITPOINT WARNING * * *
Unknown command.
You completely miss the swamp drake. Your bite misses the swamp drake.
Your spectral weapon closely misses the swamp drake.
The swamp drake bites you.
You die...

.i♣.≈≈≈≈≈≈≈≈
....≈≈k.≈≈≈
....≈≈≈..≈ ♣
...≈≈.. ♣.
♣♣§≈≈≈ ♣≈.
♣.y≈≈♣♣
♣...♣♣♣..†≈<♣
♣...>≈k♣♣.≈≈♣♣
♣?(@..≈≈≈♣
♣§≈≈≈≈.≈.♣ ∆
♣≈≈≈≈.≈≈≈♣
♣≈.≈≈≈≈≈≈♣ ∆
.≈..≈≈≈≈≈≈♣
≈≈§≈..≈≈≈≈♣♣
≈.≈♣♣♣..≈.≈♣
..♣ ♣♣≈≈≈.♣


You could see a swamp drake and a friendly spectral war axe of electrocution.

Vanquished Creatures
  2 hydras
  A two-headed ogre (D:8)
  An unseen horror (D:8)
  An oklob plant (Lair:2)
  The ghost of Britaniac the Firebug, a novice DsFE of Vehumet (D:6)
  2 spiny frogs
  2 komodo dragons
  2 trolls (D:10)
  A polar bear (Lair:3)
  A hornet (Swamp:1)
  2 hippogriffs
  A spriggan (Swamp:1)
  6 yaks
  A basilisk (D:10)
  7 vampire mosquitoes (Swamp:1)
  2 porcupines (Lair:2)
  3 water moccasins
  2 orc warriors
  An ice beast (D:8)
  9 wolves (Lair:1)
  A centaur (D:10)
  4 crocodiles
  2 big kobolds (D:8)
  4 bullfrogs
  5 killer bees (D:10)
  A howler monkey (D:5)
  A crimson imp (D:8)
  A hound (D:5)
  3 orc wizards
  2 centaur skeletons
  2 orc priests
  An iguana (D:5)
  2 worker ants (D:5)
  11 gnolls
  7 adders
  4 river rats (D:4)
  A shadow imp (D:10)
  2 worms
  2 dart slugs
  5 leopard geckos
  9 orcs
  2 ball pythons (Sewer)
  2 giant cockroaches
  A hobgoblin (D:2)
  3 jackals (D:5)
  12 kobolds (D:8)
  A quokka (D:2)
  5 bats
  2 frilled lizards
  2 goblins
  A jackal skeleton (D:5)
  2 quokka skeletons (D:4)
  A rat (D:1)
  A plant (Lair:2)
153 creatures vanquished.

Vanquished Creatures (collateral kills)
  A spiny frog (Lair:3)
  A bullfrog (Lair:3)
  A fungus (Lair:3)
3 creatures vanquished.

Vanquished Creatures (others)
  2 spectral weapons (Swamp:1)
2 creatures vanquished.

Grand Total: 158 creatures vanquished

Notes
Turn   | Place    | Note
-------+----------+-------------------------------------------
     0 | D:1      | tidbits the Gnoll Skald began the quest for the Orb.
     0 | D:1      | Reached XP level 1. HP: 20/20 MP: 6/6
     3 | D:1      | You fall through a shaft!
    12 | D:2      | Reached XP level 2. HP: 23/26 MP: 2/7
    22 | D:2      | Learned a level 2 spell: Song of Slaying
    25 | D:2      | Learned a level 2 spell: Shroud of Golubria
   173 | D:3      | Reached skill level 5 in Spellcasting
   173 | D:3      | Reached XP level 3. HP: 6/31 MP: 0/9
   178 | D:3      | Reached skill level 1 in Invocations
   185 | D:3      | Reached skill level 1 in Short Blades
   185 | D:3      | Reached skill level 1 in Long Blades
   185 | D:3      | Reached skill level 1 in Maces & Flails
   185 | D:3      | Reached skill level 1 in Polearms
   185 | D:3      | Reached skill level 1 in Staves
   185 | D:3      | Reached skill level 1 in Slings
   185 | D:3      | Reached skill level 1 in Bows
   185 | D:3      | Reached skill level 1 in Crossbows
   185 | D:3      | Reached skill level 1 in Throwing
   185 | D:3      | Reached skill level 1 in Stealth
   185 | D:3      | Reached skill level 1 in Shields
   185 | D:3      | Reached skill level 1 in Unarmed Combat
   185 | D:3      | Reached skill level 1 in Evocations
   185 | D:3      | Reached XP level 4. HP: 6/38 MP: 0/11
   190 | D:3      | Learned a level 3 spell: Regeneration
   194 | D:3      | Learned a level 3 spell: Spectral Weapon
   267 | D:4      | Learned a level 1 spell: Apportation
   285 | D:4      | Reached skill level 1 in Conjurations
   285 | D:4      | Reached skill level 1 in Hexes
   285 | D:4      | Reached skill level 1 in Summonings
   285 | D:4      | Reached skill level 1 in Necromancy
   285 | D:4      | Reached skill level 1 in Translocations
   285 | D:4      | Reached skill level 1 in Transmutations
   285 | D:4      | Reached skill level 1 in Fire Magic
   285 | D:4      | Reached skill level 1 in Ice Magic
   285 | D:4      | Reached skill level 1 in Air Magic
   285 | D:4      | Reached skill level 1 in Earth Magic
   285 | D:4      | Reached skill level 1 in Poison Magic
   316 | D:5      | Entered Level 5 of the Dungeon
   383 | D:4      | Reached XP level 5. HP: 40/43 MP: 6/12
   422 | D:4      | Reached skill level 3 in Armour
   445 | D:4      | Found a glowing drain.
   452 | Sewer    | Entered a sewer
   787 | D:4      | Reached XP level 6. HP: 46/50 MP: 7/13
   865 | D:5      | Found a staircase to the Ecumenical Temple.
   877 | Temple   | Entered the Ecumenical Temple
   894 | Temple   | Became a worshipper of Cheibriados the Contemplative
   944 | D:5      | Reached skill level 2 in Invocations
  1000 | D:5      | Reached skill level 5 in Fighting
  1000 | D:5      | Reached skill level 5 in Axes
  1000 | D:5      | Reached skill level 5 in Dodging
  1003 | D:5      | Reached skill level 2 in Short Blades
  1003 | D:5      | Reached skill level 2 in Long Blades
  1003 | D:5      | Reached skill level 2 in Maces & Flails
  1003 | D:5      | Reached skill level 2 in Polearms
  1003 | D:5      | Reached skill level 2 in Staves
  1003 | D:5      | Reached skill level 2 in Slings
  1003 | D:5      | Reached skill level 2 in Bows
  1003 | D:5      | Reached skill level 2 in Crossbows
  1003 | D:5      | Reached skill level 2 in Throwing
  1003 | D:5      | Reached skill level 2 in Stealth
  1003 | D:5      | Reached skill level 2 in Shields
  1003 | D:5      | Reached skill level 2 in Unarmed Combat
  1003 | D:5      | Reached skill level 2 in Evocations
  1151 | D:6      | Reached * piety under Cheibriados
  1151 | D:6      | Reached XP level 7. HP: 56/56 MP: 2/15
  1155 | D:6      | Noticed Britaniac's ghost (novice DsFE)
  1169 | D:6      | Killed Britaniac's ghost
  1169 | D:6      | Reached skill level 2 in Conjurations
  1169 | D:6      | Reached skill level 2 in Hexes
  1169 | D:6      | Reached skill level 2 in Summonings
  1169 | D:6      | Reached skill level 2 in Necromancy
  1169 | D:6      | Reached skill level 2 in Translocations
  1169 | D:6      | Reached skill level 2 in Transmutations
  1169 | D:6      | Reached skill level 2 in Fire Magic
  1169 | D:6      | Reached skill level 2 in Ice Magic
  1169 | D:6      | Reached skill level 2 in Air Magic
  1169 | D:6      | Reached skill level 2 in Earth Magic
  1169 | D:6      | Reached skill level 2 in Poison Magic
  1169 | D:6      | Reached skill level 3 in Invocations
  1207 | D:7      | Reached skill level 6 in Charms
  1207 | D:7      | Reached XP level 8. HP: 60/63 MP: 11/16
  1355 | D:8      | Reached skill level 3 in Short Blades
  1355 | D:8      | Reached skill level 3 in Long Blades
  1355 | D:8      | Reached skill level 3 in Maces & Flails
  1355 | D:8      | Reached skill level 3 in Polearms
  1355 | D:8      | Reached skill level 3 in Staves
  1355 | D:8      | Reached skill level 3 in Slings
  1355 | D:8      | Reached skill level 3 in Bows
  1355 | D:8      | Reached skill level 3 in Crossbows
  1355 | D:8      | Reached skill level 3 in Throwing
  1355 | D:8      | Reached skill level 4 in Armour
  1355 | D:8      | Reached skill level 3 in Stealth
  1355 | D:8      | Reached skill level 3 in Shields
  1355 | D:8      | Reached skill level 3 in Unarmed Combat
  1355 | D:8      | Reached skill level 3 in Evocations
  1462 | D:8      | Killed an unseen horror
  1462 | D:8      | Reached skill level 6 in Spellcasting
  1464 | D:8      | Noticed a two-headed ogre
  1468 | D:8      | Killed a two-headed ogre
  1468 | D:8      | Reached skill level 6 in Fighting
  1468 | D:8      | Reached skill level 4 in Short Blades
  1468 | D:8      | Reached skill level 4 in Long Blades
  1468 | D:8      | Reached skill level 6 in Axes
  1468 | D:8      | Reached skill level 4 in Maces & Flails
  1468 | D:8      | Reached skill level 4 in Polearms
  1468 | D:8      | Reached skill level 4 in Staves
  1468 | D:8      | Reached skill level 4 in Slings
  1468 | D:8      | Reached skill level 4 in Bows
  1468 | D:8      | Reached skill level 4 in Crossbows
  1468 | D:8      | Reached skill level 4 in Throwing
  1468 | D:8      | Reached skill level 6 in Dodging
  1468 | D:8      | Reached skill level 4 in Stealth
  1468 | D:8      | Reached skill level 4 in Shields
  1468 | D:8      | Reached skill level 4 in Unarmed Combat
  1468 | D:8      | Reached skill level 3 in Conjurations
  1468 | D:8      | Reached skill level 3 in Hexes
  1468 | D:8      | Reached skill level 3 in Summonings
  1468 | D:8      | Reached skill level 3 in Necromancy
  1468 | D:8      | Reached skill level 3 in Translocations
  1468 | D:8      | Reached skill level 3 in Transmutations
  1468 | D:8      | Reached skill level 3 in Fire Magic
  1468 | D:8      | Reached skill level 3 in Ice Magic
  1468 | D:8      | Reached skill level 3 in Air Magic
  1468 | D:8      | Reached skill level 3 in Earth Magic
  1468 | D:8      | Reached skill level 3 in Poison Magic
  1468 | D:8      | Reached skill level 4 in Invocations
  1468 | D:8      | Reached skill level 4 in Evocations
  1468 | D:8      | Reached XP level 9. HP: 32/69 MP: 8/18
  1518 | D:8      | Found Duonefuf's Antique Weapon Shoppe.
  1621 | D:8      | Reached skill level 5 in Armour
  1625 | D:8      | Reached ** piety under Cheibriados
  1799 | D:10     | Entered Level 10 of the Dungeon
  1821 | D:10     | Noticed a troll
  1832 | D:10     | Killed a troll
  1832 | D:10     | Reached skill level 5 in Invocations
  1884 | D:10     | Noticed a troll
  1891 | D:10     | Killed a troll
  1891 | D:10     | Reached skill level 7 in Spellcasting
  1891 | D:10     | Reached XP level 10. HP: 51/77 MP: 9/20
  1896 | D:10     | Reached skill level 4 in Conjurations
  1896 | D:10     | Reached skill level 4 in Hexes
  1896 | D:10     | Reached skill level 4 in Summonings
  1896 | D:10     | Reached skill level 4 in Necromancy
  1896 | D:10     | Reached skill level 4 in Translocations
  1896 | D:10     | Reached skill level 4 in Transmutations
  1896 | D:10     | Reached skill level 4 in Fire Magic
  1896 | D:10     | Reached skill level 4 in Ice Magic
  1896 | D:10     | Reached skill level 4 in Air Magic
  1896 | D:10     | Reached skill level 4 in Earth Magic
  1896 | D:10     | Reached skill level 4 in Poison Magic
  1914 | D:10     | Learned a level 1 spell: Animate Skeleton
  1947 | D:10     | Found a staircase to the Lair.
  1963 | D:10     | Reached *** piety under Cheibriados
  1965 | D:10     | Reached skill level 5 in Short Blades
  1965 | D:10     | Reached skill level 5 in Long Blades
  1965 | D:10     | Reached skill level 5 in Maces & Flails
  1965 | D:10     | Reached skill level 5 in Polearms
  1965 | D:10     | Reached skill level 5 in Staves
  1965 | D:10     | Reached skill level 5 in Slings
  1965 | D:10     | Reached skill level 5 in Bows
  1965 | D:10     | Reached skill level 5 in Crossbows
  1965 | D:10     | Reached skill level 5 in Throwing
  1965 | D:10     | Reached skill level 5 in Stealth
  1965 | D:10     | Reached skill level 5 in Shields
  1965 | D:10     | Reached skill level 5 in Unarmed Combat
  1965 | D:10     | Reached skill level 5 in Evocations
  1984 | Lair:1   | Entered Level 1 of the Lair of Beasts
  2019 | Lair:2   | Reached skill level 7 in Charms
  2026 | Lair:2   | Noticed an oklob plant
  2043 | Lair:2   | Killed an oklob plant
  2043 | Lair:2   | Reached skill level 7 in Fighting
  2043 | Lair:2   | Reached skill level 7 in Axes
  2043 | Lair:2   | Reached skill level 7 in Dodging
  2058 | Lair:2   | Noticed a spiny frog
  2065 | Lair:2   | Killed a spiny frog
  2065 | Lair:2   | Reached skill level 6 in Armour
  2102 | Lair:2   | Noticed a five-headed hydra
  2113 | Lair:2   | Killed a five-headed hydra
  2113 | Lair:2   | Reached skill level 6 in Invocations
  2160 | Lair:3   | Noticed a five-headed hydra
  2175 | Lair:3   | Killed a five-headed hydra
  2175 | Lair:3   | Reached XP level 11. HP: 84/84 MP: 12/22
  2305 | Lair:3   | Reached skill level 6 in Short Blades
  2305 | Lair:3   | Reached skill level 6 in Long Blades
  2305 | Lair:3   | Reached skill level 6 in Maces & Flails
  2305 | Lair:3   | Reached skill level 6 in Polearms
  2305 | Lair:3   | Reached skill level 6 in Staves
  2305 | Lair:3   | Reached skill level 6 in Slings
  2305 | Lair:3   | Reached skill level 6 in Bows
  2305 | Lair:3   | Reached skill level 6 in Crossbows
  2305 | Lair:3   | Reached skill level 6 in Throwing
  2305 | Lair:3   | Reached skill level 6 in Stealth
  2305 | Lair:3   | Reached skill level 6 in Shields
  2305 | Lair:3   | Reached skill level 6 in Unarmed Combat
  2305 | Lair:3   | Reached skill level 6 in Evocations
  2308 | Lair:3   | Reached skill level 5 in Conjurations
  2308 | Lair:3   | Reached skill level 5 in Hexes
  2308 | Lair:3   | Reached skill level 5 in Summonings
  2308 | Lair:3   | Reached skill level 5 in Necromancy
  2308 | Lair:3   | Reached skill level 5 in Translocations
  2308 | Lair:3   | Reached skill level 5 in Transmutations
  2308 | Lair:3   | Reached skill level 5 in Fire Magic
  2308 | Lair:3   | Reached skill level 5 in Ice Magic
  2308 | Lair:3   | Reached skill level 5 in Air Magic
  2308 | Lair:3   | Reached skill level 5 in Earth Magic
  2308 | Lair:3   | Reached skill level 5 in Poison Magic
  2332 | Lair:2   | Found a staircase to the Swamp.
  2347 | Lair:1   | Reached **** piety under Cheibriados
  2347 | Lair:1   | Reached skill level 8 in Spellcasting
  2381 | Swamp:1  | Entered Level 1 of the Swamp
  2388 | Swamp:1  | Noticed a spriggan rider
  2399 | Swamp:1  | Reached skill level 7 in Invocations
  2404 | Swamp:1  | Reached skill level 8 in Fighting
  2404 | Swamp:1  | Reached skill level 8 in Axes
  2404 | Swamp:1  | Reached skill level 7 in Armour
  2404 | Swamp:1  | Reached skill level 8 in Dodging
  2408 | Swamp:1  | HP: 1/86 [swamp drake (12)]
  2409 | Swamp:1  | Slain by a swamp drake

Skill      XL: |  1  2  3  4  5  6  7  8  9 10 11 |
---------------+----------------------------------+-----
Spellcasting   | 5 6 7 8 |  8.2
Invocations    | 1 2 3 4 5 6 7 |  7.0
Short Blades   | 1 2 4 5 6 |  6.4
Long Blades    | 1 2 4 5 6 |  6.4
Maces & Flails | 1 2 4 5 6 |  6.4
Polearms       | 1 2 4 5 6 |  6.4
Staves         | 1 2 4 5 6 |  6.4
Slings         | 1 2 4 5 6 |  6.4
Bows           | 1 2 4 5 6 |  6.4
Crossbows      | 1 2 4 5 6 |  6.4
Throwing       | 1 2 4 5 6 |  6.4
Stealth        | 1 2 4 5 6 |  6.4
Shields        | 1 2 4 5 6 |  6.4
Unarmed Combat | 1 2 4 5 6 |  6.4
Evocations     | 1 2 4 5 6 |  6.4
Conjurations   | 1 2 3 4 5 |  5.3
Hexes          | 1 2 3 4 5 |  5.3
Summonings     | 1 2 3 4 5 |  5.3
Necromancy     | 1 2 3 4 5 |  5.3
Translocations | 1 2 3 4 5 |  5.3
Transmutations | 1 2 3 4 5 |  5.3
Fire Magic     | 1 2 3 4 5 |  5.3
Ice Magic      | 1 2 3 4 5 |  5.3
Air Magic      | 1 2 3 4 5 |  5.3
Earth Magic    | 1 2 3 4 5 |  5.3
Poison Magic   | 1 2 3 4 5 |  5.3
Armour         | 3 4 5 6 7 |  7.0
Fighting       | 5 6 7 8 |  8.0
Axes           | 5 6 7 8 |  8.0
Dodging        | 5 6 7 8 |  8.0
Charms         | 6 7 |  7.7

Action                   |  1- 3 |  4- 6 |  7- 9 | 10-12 || total
-------------------------+-------+-------+-------+-------++-------
Melee: Hand axe          |    42 |    28 |       |       ||    70
       Bite              |    10 |    13 |    13 |    28 ||    64
       Halberd           |       |    67 |    99 |    41 ||   207
       Dire flail        |       |       |       |    33 ||    33
       War axe           |       |       |       |    45 ||    45
       Punch             |       |       |       |     1 ||     1
 Cast: Infusion          |     2 |       |       |       ||     2
       Song of Slaying   |     2 |    12 |    11 |     5 ||    30
       Shroud of Golubri |     1 |     1 |     7 |     7 ||    16
       Spectral Weapon   |       |    19 |    15 |    15 ||    49
       Regeneration      |       |     3 |     7 |     6 ||    16
       Animate Skeleton  |       |       |       |     5 ||     5
       Apportation       |       |       |       |     4 ||     4
Evoke: Wand              |       |       |     5 |       ||     5
  Use: Potion            |     1 |     1 |     4 |     1 ||     7
       Scroll            |       |       |     6 |     2 ||     8
 Stab: Sleeping          |       |     1 |       |     3 ||     4
       Invisible         |       |       |     1 |       ||     1
       Distracted        |       |       |     1 |     1 ||     2
  Eat: Ration            |       |     1 |     1 |       ||     2
Armor: Leather armour    |     2 |    28 |     3 |       ||    33
       Robe              |       |       |    23 |     4 ||    27
       Troll leather arm |       |       |       |    33 ||    33
Dodge: Dodged            |    28 |    86 |   101 |   125 ||   340

Table legend:
 A = Turns spent in this place as a percentage of turns spent in the entire game.
 B = Non-inter-level travel turns spent in this place as a percentage of non-inter-level travel turns spent in the entire game.
 C = Inter-level travel turns spent in this place as a percentage of turns spent in this place.
 D = Turns resting spent in this place as a percentage of non-inter-level travel turns spent in this place.
 E = Turns spent auto-exploring this place as a percentage of non-inter-level travel turns spent in this place.
 F = Non-inter-level travel turns spent in this place divided by the number of levels of this place that you've seen.
                   A       B       C       D       E      F
               +-------+-------+-------+-------+-------+----------------------
         Total | 100.0 | 100.0 |   2.4 |   0.0 |   0.0 | 138.3
       Dungeon |  74.4 |  74.4 |   2.5 |   0.0 |   0.0 | 174.9
        Temple |   1.4 |   0.8 |  42.4 |   0.0 |   0.0 |  19.0
          Lair |  16.5 |  16.9 |   0.0 |   0.0 |   0.0 |  99.2
         Swamp |   1.2 |   1.2 |   0.0 |   0.0 |   0.0 |  28.0
         Sewer |   6.6 |   6.7 |   0.0 |   0.0 |   0.0 | 158.0
               +-------+-------+-------+-------+-------+----------------------

Table legend:
 A = Kills in this place as a percentage of kills in entire the game.
 B = Kills by you in this place as a percentage of kills by you in the entire game.
 C = Kills by friends in this place as a percentage of kills by friends in the entire game.
 D = Other kills in this place as a percentage of other kills in the entire game.
 E = Experience gained in this place as a percentage of experience gained in the entire game.
 F = Experience gained in this place divided by the number of levels of this place that you have seen.
                   A       B       C       D       E      F
               +-------+-------+-------+-------+-------+----------------------
         Total | 100.0 | 100.0 | 100.0 |   N/A | 100.0 | 917.2
       Dungeon |  65.6 |  66.4 |   0.0 |   N/A |  36.1 | 562.9
          Lair |  22.1 |  21.1 | 100.0 |   N/A |  52.5 | 2046.0
         Swamp |   5.8 |   5.9 |   0.0 |   N/A |  11.3 | 1762.0
         Sewer |   6.5 |   6.6 |   0.0 |   N/A |   0.1 |  17.0
               +-------+-------+-------+-------+-------+----------------------

Vault maps used:
D:1:      lemuel_arrival_room, hangedman_decor_riveting
D:2:      uniq_robin
D:3:      kennysheep_generic_room_7
D:4:      first_ration, lightli_sewer_entry_pipes, kennysheep_small_spiral,
          minmay_misc_feat_encased
D:5:      minmay_temple_entry_poolview, uniq_edmund
D:6:      kennysheep_mini_moat, grunt_qazlal_clouds
D:7:      basic_altar
D:8:      serial_shops, kennysheep_little_box
D:9:      david_orc_3
D:10:     david_lair_generic, grunt_pizzeria
Temple:   nicolae_temple_the_god_donut
Lair:1:   disabler_island, grunt_megastairs_2, infiniplex_staircase_pool_2
Lair:2:   swamp_mist_pool, patterned_corridor, minmay_lair_oklob_chamber,
          grunt_megastairs_4
Lair:3:   spider_nest_entry_funnel_web, hibernation_bobbens
Lair:4:   minivault_24, serial_bayou_pond_e, uniq_urug
Swamp:1:  nicolae_swamp_godswood, swamp_pool5, nicolae_swamp_trees_clearing,
          wheals_swamp_sinkhole, uniq_roxanne, uniq_kirke, uniq_donald
Sewer:    sewer_fruit_machine
